 Dungeon Crawl Stone Soup version 0.27.1-33-g824d729ab1 (webtiles) character file.

Game seed: 3051711656017205711

20 LLlMATKO the Cudgeller (level 2, -3/40 HPs)
             Began as a Minotaur Berserker on Dec 30, 2021.
             Was a Follower of Trog.
             Slain by a worm (8 damage)
             ... on level 2 of the Dungeon.
             The game lasted 00:00:39 (904 turns).

LLlMATKO the Cudgeller (Minotaur Berserker)          Turns: 904, Time: 00:00:40

Health: -3/40      AC:  3    Str: 21    XL:     2   Next: 58%
Magic:  1/1        EV: 12    Int:  4    God:    Trog [*.....]
Gold:   36         SH:  0    Dex:  9    Spells: 1/1 levels left

rFire    . . .     SeeInvis .   a - +0 mace
rCold    . . .     Faith    .   (no shield)
rNeg     . . .     Spirit   .   b - +0 animal skin
rPois    .         Reflect  .   (helmet restricted)
rElec    .         Harm     .   d - +0 cloak
rCorr    .         Rampage  .   (no gloves)
Will     .....                  (no boots)
Stlth    ..........             (no amulet)
HPRegen  0.13/turn              (no ring)
MPRegen  0.07/turn              (no ring)

@: berserking, very quick
A: horns 2, retaliatory headbutt
a: Renounce Religion, Berserk


You were on level 2 of the Dungeon.
You worshipped Trog.
Trog was aware of your devotion.
You visited 1 branch of the dungeon, and saw 2 of its levels.

You collected 36 gold pieces.

Inventory:

Hand Weapons
 a - a +0 mace (weapon)
Armour
 b - a +0 animal skin (worn)
 d - a +0 cloak (worn)
Scrolls
 c - 2 scrolls of immolation {unknown}
 e - a scroll of holy word {unknown}
 f - 2 scrolls of teleportation {unknown}


   Skills:
 + Level 3.9 Fighting
 + Level 3.9 Maces & Flails
 + Level 2.9 Armour
 + Level 2.6 Dodging


You had one spell level left.
You didn't know any spells.
Your spell library was empty.

Dungeon Overview and Level Annotations

Branches:
Dungeon (2/15)

Altars:

Shops:
D:2 *

Annotations:
D:2 Terence


Innate Abilities, Weirdness & Mutations

You have a pair of horns on your head.
You reflexively headbutt those who attack you in melee.


Message History

You shout for attention!
You hear a shout!
You hear an angry hiss.
The teleport trap disappears.
The rat disappears!
The rat reappears nearby!
The frilled lizard closely misses you.
You hit the frilled lizard.
The frilled lizard is heavily wounded.
Terence the Incautious comes into view.
He is wielding a +0 short sword.
The frilled lizard misses you.
You hit the frilled lizard.
You kill the frilled lizard!
Trog accepts your kill.
Found a dark potion.
Found a stone staircase leading up.
The rat bites you.
You hit the rat.
You kill the rat!
Trog accepts your kill. Terence hits you with a +0 short sword.
You hit Terence but do no damage. Terence hits you with a +0 short sword.
The worm bites you but does no damage. Terence hits you with a +0 short sword.
You are too injured to fight recklessly!
You are too injured to fight recklessly!
You are too injured to fight recklessly!
You are too injured to fight recklessly!
You are too injured to fight recklessly!
You are too injured to fight recklessly!
You are too injured to fight recklessly!
You are too injured to fight recklessly!
A red film seems to cover your vision as you go berserk!
You feel yourself moving faster!
You feel mighty! The worm bites you!
* * * LOW HITPOINT WARNING * * *
Terence hits you with a +0 short sword.
* * * LOW HITPOINT WARNING * * *
You closely miss Terence. You headbutt Terence.
Terence is lightly wounded.
Unknown command.
You barely miss Terence.
Terence is lightly wounded.
Terence barely misses you.
You sock Terence!
Terence is almost dead.
The worm bites you!
You die...

#.$............#
#.............#
#.............#
#.............#
#.............#
!#.............#.
#..!..†.........#
.......#...<.##
..###..#@<####
....>..w@.......
.####.#.....?.#.
........#.∩.#
#.........##..
#....##...# #
#.... .).# ##.##
....


You could see Terence and a worm.

Vanquished Creatures
  2 ball pythons (D:1)
  4 endoplasms (D:1)
  A goblin (D:1)
  2 hobgoblins (D:1)
  A kobold (D:1)
  A bat (D:1)
  A frilled lizard (D:2)
  7 rats
19 creatures vanquished.

Notes
Turn   | Place    | Note
-------+----------+-------------------------------------------
     0 | D:1      | LLlMATKO the Minotaur Berserker began the quest for the
                  | Orb.
     0 | D:1      | Reached XP level 1. HP: 19/19 MP: 0/0
   268 | D:1      | Reached XP level 2. HP: 23/27 MP: 1/1
   890 | D:2      | Found Paxti's General Store.
   894 | D:2      | Noticed Terence
   904 | D:2      | Slain by a worm

Illustrated notes

Levels and vault maps discovered:
D:1:      tarquinn_simple_flora_water_f, layout_loops_ring, solitary_fountain,
          grunt_decor_clamped
D:2:      layout_rooms, serial_shops, shop, nicolae_shop_behind_doors,
          nicolae_shop_competitors_out_of_business,
          shapermc_ecumenical_altar_starsandcircs, minmay_close_crescents,
          uniq_terence

Action                   || total
-------------------------++-------
Melee: Mace              ||    39
       Headbutt          ||     7
Invok: Berserk           ||     1
Armor: Animal skin       ||    10
Dodge: Dodged            ||    18
